 Dungeon Crawl Stone Soup version 0.27.0-1-g7a089689b8 (console) character file.

Game seed: 2908210721835677450

122 FIQ the Skirmisher (level 4, -1/35 HPs)
             Began as a Demonspawn Gladiator on Aug 2, 2021.
             Succumbed to Sigmund's poison
             ... on level 3 of the Dungeon.
             The game lasted 00:03:21 (2652 turns).

FIQ the Skirmisher (Demonspawn Gladiator)           Turns: 2652, Time: 00:03:21

Health: -1/35      AC:  4    Str: 15 (16) XL:     4   Next: 78%
Magic:  3/3        EV: 12    Int:  8 (9)  God:
Gold:   70         SH:  0    Dex: 12 (14) Spells: 3/3 levels left

rFire    . . .     SeeInvis .   a - +0 flail
rCold    . . .     Faith    .   (no shield)
rNeg     . . .     Spirit   .   b - +0 leather armour
rPois    .         Reflect  .   (helmet restricted)
rElec    .         Harm     .   (no cloak)
rCorr    .         Rampage  .   (no gloves)
Will     .....                  (no boots)
Stlth    +.........             (no amulet)
HPRegen  0.11/turn              (no ring)
MPRegen  0.08/turn              (no ring)

@: mighty, lethally poisoned (-1 -> -13), hasted, very quick
A: horns 2, low mp 1, shaggy fur 1
a: no special abilities


You were on level 3 of the Dungeon.
You visited 1 branch of the dungeon, and saw 3 of its levels.

You collected 70 gold pieces.

Inventory:

Hand Weapons
 a - a +0 flail (weapon)
Missiles
 d - 3 throwing nets (quivered)
Armour
 b - a +0 leather armour (worn)
Wands
 i - a wand of polymorph (8)
Scrolls
 e - a scroll of fear {unknown}
 f - 3 scrolls of identify {unknown}
 j - a scroll of fog {unknown}
 n - a scroll of teleportation {unknown}


   Skills:
 * Level 3.5 Fighting
 + Level 3.2 Maces & Flails
 - Level 1.7 Throwing
 + Level 1.5 Armour
 + Level 3.3 Dodging


You had 3 spell levels left.
You didn't know any spells.
Your spell library contained the following spells:

 Spells                   Type           Power      Damage    Failure   Level
 Ignite Poison            Fire/Tmut/Pois 0%         N/A       85%         3
 Mephitic Cloud           Conj/Pois/Air  0%         N/A       85%         3
 Bolt of Magma            Conj/Fire/Erth 0%         4d4       100%        5


Dungeon Overview and Level Annotations

Branches:
Dungeon (3/15)

Altars:
Ashenzari

Annotations:
D:3 Sigmund


Innate Abilities, Weirdness & Mutations

You have a pair of horns on your head.
Your magical capacity is low. (-10% MP)
You are covered in fur. (AC +1)


Message History

You closely miss Sigmund. Your headbutt misses Sigmund.
Sigmund is lightly wounded.
Sigmund bites you!
You closely miss Sigmund. Your headbutt misses Sigmund.
Sigmund is lightly wounded.
Sigmund bites you. Sigmund bites you!
* * * LOW HITPOINT WARNING * * *
You are lethally poisoned!
Sigmund poisons you!
You are too injured to fight recklessly!
You are too injured to fight recklessly!
You are too injured to fight recklessly!
It was a potion of curing.
You feel better. Sigmund closely misses you. Sigmund barely misses you.
It was a potion of haste.
You feel yourself speed up. Sigmund barely misses you.
It was a potion of degeneration.
There was something very wrong with that liquid.
You feel weakened.
You feel dopey.
You feel clumsy. Sigmund misses you.
It was a potion of mutation.
You feel extremely strange. Fur sprouts all over your body.
You feel less energetic. The horns on your head grow some more.
Sigmund barely misses you.
It was a potion of might.
You feel very mighty all of a sudden. Sigmund bites you.
* * * LOW HITPOINT WARNING * * *
You are lethally poisoned!
Sigmund poisons you!
You barely miss Sigmund.
Sigmund is lightly wounded.
* * * LOW HITPOINT WARNING * * *
You feel very sick. Sigmund bites you.
* * * LOW HITPOINT WARNING * * *
You aren't carrying any potions.
You aren't carrying any potions.
You barely miss Sigmund. You headbutt Sigmund!!
Sigmund is severely wounded.
You die...

#...<..# ##...## #######†#
####†### ##.....## #####.###
#..## ##.......## ###........
##...####.........###..........
#.......+.........'............
#....####.........###....##.#..
# #.#.### ##.......##
#.#.....#.. #...#...# ##.....##
#.##...)..) #.#####.# ##..@##
#.###.###.# #...#...# ##S##
#.###.###.# # #.#.### #)#
#........)# #...# #.#
#####.##### ##.### #.# #.#
#...##### ... #.# #.......# ...
#.# #...###.## ... ..#
######...## ###


You could see Sigmund the water moccasin.

Vanquished Creatures
  5 adders
  A gnoll (D:1)
  A worm (D:2)
  A dart slug (D:3)
  8 ball pythons
  8 endoplasms
  2 giant cockroaches
  4 goblins
  A hobgoblin (D:1)
  10 jackals (D:2)
  A quokka (D:1)
  3 bats
  A frilled lizard (D:1)
  5 kobolds
  8 rats
59 creatures vanquished.

Notes
Turn   | Place    | Note
-------+----------+-------------------------------------------
     0 | D:1      | FIQ the Demonspawn Gladiator began the quest for the Orb.
     0 | D:1      | Reached XP level 1. HP: 16/16 MP: 1/1
    84 | D:1      | Gained mutation: You have a pair of small horns on your
                  | head. [demonic ancestry]
    84 | D:1      | Reached XP level 2. HP: 3/23 MP: 2/2
   801 | D:1      | Found a faded altar of an unknown god.
   833 | D:1      | Reached XP level 3. HP: 28/28 MP: 3/3
  1003 | D:1      | Reached skill level 1 in Armour
  1656 | D:2      | Reached XP level 4. HP: 22/35 MP: 4/4
  1974 | D:2      | Found a broken altar of Ashenzari.
  2633 | D:3      | Noticed Sigmund
  2639 | D:3      | Noticed Sigmund
  2639 | D:3      | Sigmund changed into Sigmund the water moccasin
  2649 | D:3      | Gained mutation: You are covered in fur. (AC +1) [potion of
                  | mutation]
  2649 | D:3      | Gained mutation: Your magical capacity is low. (-10% MP)
                  | [potion of mutation]
  2649 | D:3      | Gained mutation: You have a pair of horns on your head.
                  | [potion of mutation]
  2651 | D:3      | HP: 1/35 [Sigmund the water moccasin (4)]
  2652 | D:3      | Succumbed to Sigmund's poison

Illustrated notes

Levels and vault maps discovered:
D:1:      co_arrival_square_in_a_square_in_a_square, layout_loops_ring,
          shapermc_ecumenical_altar_venn, chequers_serial_rivers_small_3
D:2:      layout_basic, basic_altar, mrwooster_statue_mirror,
          corexii_hall_statues_l, minmay_tromino_v7
D:3:      layout_loops_corners, grunt_decor_one_mirror,
          minmay_fractal_squares_diagonal_5, uniq_natasha, uniq_sigmund

Skill      XL: |  1  2  3 |
---------------+----------+-----
Maces & Flails | 3 |  3.2
Armour         | 1 |  1.5
Dodging        | 3 |  3.3
Fighting       | 3 |  3.5
Throwing       | |  1.7

Action                   |  1- 3 |  4- 6 || total
-------------------------+-------+-------++-------
Melee: Flail             |    93 |    61 ||   154
       Headbutt          |    16 |     6 ||    22
Evoke: Wand              |       |     1 ||     1
  Use: Potion            |       |     5 ||     5
 Stab: Sleeping          |     2 |       ||     2
Armor: Leather armour    |    17 |    13 ||    30
Dodge: Dodged            |    76 |    59 ||   135
